 Dungeon Crawl Stone Soup version 0.28-a0-535-g6f645e4c1d (webtiles) character file.

Game seed: 13213209406484970551

2181 ytrimaz the Martial Artist (level 9, -1/66 HPs)
             Began as a Demonspawn Monk on Sept 27, 2021.
             Slain by Duvessa (15 damage)
             ... on level 5 of the Dungeon.
             The game lasted 00:10:41 (8438 turns).

ytrimaz the Martial Artist (Demonspawn Monk)        Turns: 8438, Time: 00:10:41

Health: -1/66      AC: 10    Str: 15    XL:     9   Next: 11%
Magic:  15/15      EV: 11    Int: 11    God:
Gold:   243        SH:  0    Dex: 16    Spells: 17/17 levels left

rFire   . . .      SeeInvis .     - Unarmed
rCold   . . .      Faith    .   (no shield)
rNeg    . . .      Spirit   .   m - +0 chain mail
rPois   .          Reflect  .   k - +0 helmet
rElec   .          Harm     .   h - scarf {shadows}
rCorr   .          Rampage  .   i - +0 pair of gloves
Will    +....                   (no boots)
Stlth   +.........              c - amulet of regeneration
HPRegen 1.21/turn               o - ring of willpower
MPRegen 0.28/turn               (no ring)

@: no status effects
A: hooves 1, demonic guardian 3, magic regeneration, sturdy frame 2
a: no special abilities


You were on level 5 of the Dungeon.
You visited 1 branch of the dungeon, and saw 5 of its levels.

You collected 243 gold pieces.

Inventory:

Armour
 h - a scarf of shadows (worn)
 i - a +0 pair of gloves (worn)
 k - a +0 helmet (worn)
 m - a +0 chain mail (worn)
Jewellery
 b - an amulet of magic regeneration
 c - an amulet of regeneration (around neck)
 o - a ring of willpower (left hand)
Wands
 a - a wand of charming (8)
Scrolls
 d - a scroll of teleportation
 j - 2 scrolls of enchant armour
 l - a scroll of noise
Potions
 g - a potion of ambrosia
 n - a potion of lignification
 p - a potion of mutation
 q - a potion of cancellation {unknown}


   Skills:
 + Level 4.6 Fighting
 + Level 5.1 Dodging
 + Level 3.8 Stealth
 + Level 8.1 Unarmed Combat
 * Level 4.6 Spellcasting


You had 17 spell levels left.
You didn't know any spells.
Your spell library contained the following spells:

 Spells                   Type           Power      Damage    Failure   Level
 Apportation              Tloc           4%         N/A       77%         1
 Alistair's Intoxication  Tmut/Pois      1%         N/A       100%        5
 Dispersal                Tloc           1%         N/A       100%        6
 Invisibility             Hex            1%         N/A       100%        6
 Disjunction              Tloc           1%         N/A       100%        8


Dungeon Overview and Level Annotations

Branches:
Dungeon (5/15)
 Temple: D:4-7

Altars:
Elyvilon

Annotations:
D:5 Duvessa


Innate Abilities, Weirdness & Mutations

You have large cloven feet.
A powerful demonic guardian rushes to your aid.
You regenerate magic rapidly.
Your movements are less encumbered by armour. (ER -4)


Message History

You are electrocuted!
You hit Duvessa. You kick Duvessa, but do no damage. You punch Duvessa.
Duvessa is heavily wounded.
Duvessa hits you with a +0 short sword of electrocution.
You hear some strange, mumbled words.
Duvessa hits you with a +0 short sword of electrocution.
You barely miss Duvessa. Your kick misses Duvessa.
Duvessa is heavily wounded.
Something hits you but does no damage.
Duvessa hits you with a +0 short sword of electrocution!
You miss something. Your kick misses something. Your punch misses something.
You hear some strange, mumbled words.
Something tries to affect you, but you resist.
Duvessa hits you with a +0 short sword of electrocution.
A demonic guardian appears!
You are electrocuted!
* * * LOW HITPOINT WARNING * * *
You closely miss Duvessa.
Duvessa is heavily wounded.
You hear some strange, mumbled words.
Something hits your soul eater but does no damage.
Duvessa hits you but does no damage.
Your soul eater hits Duvessa but does no damage.
A puff of flame appears from out of thin air!
The puff of flame hits your soul eater but does no damage.
Your soul eater hits something!
Something hits your soul eater but does no damage.
Your soul eater hits something!!
Duvessa weeps, then rights herself and shakes her weapon.
Duvessa goes berserk!
Reactivating autopickup.
You feel a bit more experienced. Duvessa hits you but does no damage.
Duvessa hits you with a +0 short sword of electrocution.
You are electrocuted!
* * * LOW HITPOINT WARNING * * *
You feel better.
Duvessa hits you with a +0 short sword of electrocution.
* * * LOW HITPOINT WARNING * * *
Duvessa hits you with a +0 short sword of electrocution!
You die...

.....Y.# ##.....##.#..♣
###.#.Y#######...###.'.♣♣
#..........##'## ###..♣
#....#####.##.# #.).
#......# #.##.# ####
#..#.#.# #.##.##
#..#.#.###.#...##
#...............#
####..@..###...## #...e.#
##.## #####
#.....#########.....
##.....3..3...).#
################


You could see Duvessa (berserk, ally target) and a friendly soul eater
(summoned).

Vanquished Creatures
  2 yaks (D:5)
  A necrophage (D:4)
  A bullfrog skeleton (D:5)
  An orc wizard (D:3)
  An iguana (D:3)
  A hound skeleton (D:4)
  4 adders
  A white imp (D:5)
  A worm (D:2)
  4 orcs
  7 bats
  8 endoplasms
  11 giant cockroaches
  8 goblins
  7 hobgoblins
  2 jackals (D:3)
  3 quokkas
  7 ball pythons
  7 frilled lizards
  4 kobolds
  11 rats
92 creatures vanquished.

Vanquished Creatures (collateral kills)
  Pikel (D:5)
  4 yaks (D:5)
  A water moccasin (D:4)
  2 ogres (D:4)
  A centaur (D:5)
  2 lemures (D:5)
  Dowan (D:5)
  A centaur skeleton (D:4)
  An orc priest (D:5)
  An orc wizard (D:5)
  A hound skeleton (D:4)
  An adder (D:4)
  3 orcs
  An endoplasm (D:1)
  3 giant cockroaches (D:2)
24 creatures vanquished.

Vanquished Creatures (others)
  18 plants
18 creatures vanquished.

Grand Total: 134 creatures vanquished

Notes
Turn   | Place    | Note
-------+----------+-------------------------------------------
     0 | D:1      | ytrimaz the Demonspawn Monk began the quest for the Orb.
     0 | D:1      | Reached XP level 1. HP: 18/18 MP: 1/1
    77 | D:1      | Gained mutation: You regenerate magic rapidly. [demonic
                  | ancestry]
    77 | D:1      | Reached XP level 2. HP: 15/24 MP: 2/2
   404 | D:1      | Reached skill level 3 in Unarmed Combat
   802 | D:1      | Gained mutation: A weak demonic guardian rushes to your
                  | aid. [demonic ancestry]
   802 | D:1      | Reached XP level 3. HP: 25/29 MP: 3/3
  1043 | D:1      | Found a faded altar of an unknown god.
  2503 | D:2      | Gained mutation: Your movements are slightly less
                  | encumbered by armour. (ER -2) [demonic ancestry]
  2503 | D:2      | Reached XP level 4. HP: 14/35 MP: 4/4
  3299 | D:3      | Reached skill level 1 in Spellcasting
  4816 | D:3      | Gained mutation: You have large cloven feet. [demonic
                  | ancestry]
  4816 | D:3      | Reached XP level 5. HP: 34/41 MP: 6/6
  5266 | D:4      | Noticed a necrophage
  5277 | D:4      | Killed a necrophage
  5278 | D:4      | Reached skill level 4 in Unarmed Combat
  5282 | D:4      | Gained mutation: A demonic guardian rushes to your aid.
                  | [demonic ancestry]
  5282 | D:4      | Reached XP level 6. HP: 27/47 MP: 6/8
  6336 | D:4      | Noticed a water moccasin
  6352 | D:4      | Killed a water moccasin
  6730 | D:4      | Reached skill level 5 in Unarmed Combat
  6730 | D:4      | Gained mutation: Your movements are less encumbered by
                  | armour. (ER -4) [demonic ancestry]
  6730 | D:4      | Reached XP level 7. HP: 26/53 MP: 10/10
  7609 | D:5      | Entered Level 5 of the Dungeon
  7778 | D:5      | Noticed Pikel
  7790 | D:5      | Killed Pikel
  7791 | D:5      | Reached skill level 6 in Unarmed Combat
  7791 | D:5      | Gained mutation: A powerful demonic guardian rushes to your
                  | aid. [demonic ancestry]
  7791 | D:5      | Reached XP level 8. HP: 50/60 MP: 11/13
  8265 | D:5      | Reached skill level 7 in Unarmed Combat
  8316 | D:5      | Reached skill level 5 in Dodging
  8324 | D:5      | Reached skill level 8 in Unarmed Combat
  8324 | D:5      | Reached XP level 9. HP: 36/66 MP: 15/15
  8415 | D:5      | Noticed Duvessa
  8416 | D:5      | Noticed Dowan
  8432 | D:5      | Killed Dowan
  8438 | D:5      | Slain by Duvessa

Illustrated notes

Levels and vault maps discovered:
D:1:      minmay_arrival_stair_chambers, layout_loops_ring,
          basic_ecumenical_altar
D:2:      minmay_roachtagon, layout_rooms, minmay_rat_gold_closets
D:3:      layout_loops_corners, kennysheep_nondescript
D:4:      layout_loops_corners, guppyfry_early_lair_pool
D:5:      layout_loops_corners, mainiacjoe_overflow_paths, serial_bayou_ford_a,
          kennysheep_generic_room_13, uniq_pikel, uniq_duvessa

Skill      XL: |  1  2  3  4  5  6  7  8 |
---------------+-------------------------+-----
Stealth        | 2 3 |  3.8
Unarmed Combat | 3 4 5 6 8 |  8.1
Dodging        | 3 4 5 |  5.1
Spellcasting   | 1 2 3 4 |  4.6
Fighting       | 4 |  4.6

Action                   |  1- 3 |  4- 6 |  7- 9 || total
-------------------------+-------+-------+-------++-------
Melee: Unarmed           |   194 |   170 |   150 ||   514
       Punch             |       |     5 |     6 ||    11
       Kick              |       |    22 |    43 ||    65
  Use: Potion            |     1 |     3 |     1 ||     5
       Scroll            |       |     5 |     2 ||     7
 Stab: Sleeping          |     4 |     8 |       ||    12
Armor: Robe              |    28 |    46 |       ||    74
       Chain mail        |       |     7 |    52 ||    59
Dodge: Dodged            |   141 |   129 |    59 ||   329

Table legend: (Time is in decaauts)
 A = Elapsed time spent in this place.
 B = Non-inter-level travel time spent in this place.
 C = Inter-level travel time spent in this place.
 D = Time resting spent in this place.
 E = Time spent auto-exploring this place.
 F = Levels seen in this place.
 G = Mean time per level.
                   A        B        C        D        E       F      G
               +--------+--------+--------+--------+--------+-----+--------+
         Total |   8404 |   8320 |     84 |   3858 |   3058 |   5 | 1680.8 |
       Dungeon |   8404 |   8320 |     84 |   3858 |   3058 |   5 | 1680.8 |
               +--------+--------+--------+--------+--------+-----+--------+

Top non-repeatable levels by time:
     D:4: 2357 daAuts
     D:2: 2273 daAuts
     D:1: 1734 daAuts
     D:3: 1219 daAuts
     D:5: 819 daAuts
